 Dungeon Crawl Stone Soup version 0.19-a0-1855-gb7442ac (webtiles) character file.

7318 graki42 the Basher (level 10, 4/132 HPs)
             Began as a Minotaur Fighter on Oct 11, 2016.
             Was a Believer of the Shining One.
             Quit the game in a bailey.
             The game lasted 00:30:07 (8289 turns).

graki42 the Basher (Minotaur Fighter)               Turns: 8289, Time: 00:30:08

Health: 4/132      AC: 25    Str: 22 (23) XL:     10   Next: 90%
Magic:  9/9        EV:  2    Int:  9 (10) God:    the Shining One [**....]
Gold:   396        SH: 18    Dex:  8 (10) Spells: 0 memorised, 9 levels left

rFire  . . .     SeeInvis .     N - +3 flail
rCold  + . .     Gourm    .     (armour currently unavailable)
rNeg   + + +     Faith    .     H - +0 large shield
rPois  +         Spirit   .     (helmet currently unavailable)
rElec  .         Dismiss  .     (cloak currently unavailable)
rCorr  .         Reflect  .     (gloves currently unavailable)
MR     .....     Harm     .     (boots currently unavailable)
Stlth  +......... NoTele   +    (no amulet)
                                (no ring)
                                w - ring of protection from cold

@: tree-form (expiring), glowing
A: (retaliatory headbutt), (horns 0), (talons 0), blink, blurry vision 1, clever
1, (cold resistance 0), screaming 1, strong 1, no device heal 1
a: Blink, Divine Shield, Renounce Religion


You were in a bailey.
You worshipped the Shining One.
The Shining One was pleased with you.
You were very hungry.
You were a tree.
You visited 2 branches of the dungeon, and saw 11 of its levels.
You also visited: Bailey.

You collected 396 gold pieces.

Inventory:

Hand Weapons
 y - a +0 morningstar
 A - a +2 whip of flaming
 N - a +3 flail (weapon)
Armour
 c - a +0 shield
 i - a +0 cloak (melded)
 v - a +0 pair of gloves (melded)
 F - a +0 plate armour (melded)
 H - a +0 large shield (worn)
Jewellery
 w - a ring of protection from cold (left branch)
Wands
 b - a wand of teleportation (5/9)
 M - a wand of slowing (31/48)
 O - a wand of iceblast (4/15)
 Q - a wand of disintegration (12/24)
Scrolls
 d - 3 scrolls of teleportation {unknown}
 g - 6 scrolls of remove curse
 h - 10 scrolls of identify {unknown}
 o - 2 scrolls of random uselessness {unknown}
 r - 3 scrolls of immolation {unknown}
 s - 3 scrolls of fear
 t - 3 scrolls of blinking {unknown}
 z - a scroll of noise {unknown}
 B - a scroll of recharging {unknown}
 C - a scroll of fog {unknown}
 K - 2 scrolls of amnesia {unknown}
 L - a scroll of magic mapping {unknown}
Potions
 a - a potion of berserk rage {unknown}
 e - 5 potions of curing
 j - 2 potions of agility
 l - a potion of cancellation {unknown}
 n - a potion of mutation {unknown}
 p - a potion of invisibility {unknown}
 q - 2 potions of lignification
 x - a potion of magic {unknown}
 J - a potion of cure mutation {unknown}
 P - a potion of haste {unknown}
 S - 2 potions of flight {unknown}
Comestibles
 f - 7 bread rations
 m - 7 meat rations
 u - 3 slices of pizza
 D - 4 fruits
 E - a royal jelly
 G - 7 beef jerkies


   Skills:
 + Level 7.7 Fighting
 + Level 11.9 Maces & Flails
 + Level 9.6 Armour
 + Level 4.2 Dodging
 + Level 1.0 Stealth
 + Level 11.0 Shields


You had 9 spell levels left.
You didn't know any spells.

Dungeon Overview and Level Annotations

Branches:
Dungeon (11/15)            Temple (1/1) D:7            Lair (0/6) D:8
    Orc: D:9-12

Altars:
Ashenzari
Cheibriados
Dithmenos
Elyvilon
Gozag
Okawaru
Ru
Trog
Uskayaw
Xom
The Shining One

Annotations:
D:6 Soeti's ghost, novice OpMo


Innate Abilities, Weirdness & Mutations

((You reflexively headbutt those who attack you in melee.))
((You have a pair of horns on your head.))
((You have sharp toenails.))
You can translocate small distances at will.
Scrolls take you a little longer to read.
Your mind is acute. (Int +2)
((Your flesh is cold resistant. (rC+)))
You occasionally shout uncontrollably at your foes.
Your muscles are strong. (Str +2)
Potions and wands are less effective at restoring your health.


Message History

* * * LOW HITPOINT WARNING * * *
As you read the scroll of fear, it crumbles to dust.
You assume a fearsome visage.
The gnoll looks frightened! x4
The gnoll shaman looks frightened!
You are feeling very hungry.
The gnoll seems to regain its courage.
The gnoll barely misses you. You block the gnoll's attack.
The gnoll is no longer moving quickly.
The gnoll prays for help.
The gnoll hits you but does no damage.
The gnoll shaman cries, "Mercy!"
The gnoll is no longer moving quickly.
You block the gnoll's attack. The gnoll hits you but does no damage.
The gnoll hits you but does no damage.
Your transformation is almost over.
The gnoll hits you from afar with a spear.
* * * LOW HITPOINT WARNING * * *
You block the gnoll's attack. You block the gnoll's attack.
Are you sure you want to abandon this character and quit the game? (Confirm with "yes".)

##)## #...# ≈♣
#...# #≈♣ #...# .≈♣
.######''g######.≈♣
.................≈♣
≈...............≈≈♣
≈≈≈≈≈≈≈..g≈≈≈≈≈≈≈♣
♣........g.♣....♣
♣♣..g........♣♣♣
♣♣.......♣♣♣♣
♣♣♣♣)∩)♣♣ ♣♣(♣♣ ♣.♣
♣∩♣ ###


You could see a gnoll sergeant, a gnoll shaman and 2 gnolls.

Vanquished Creatures
  Erolcha (D:9)
  A wizard (D:9)
  An elephant (D:8)
  The ghost of Torious the Destroyer, a novice DECj of Sif Muna (D:7)
  The ghost of TotoDurand the Slasher, a novice VSFi (D:5)
  The ghost of Nattefrost the Cudgeler, an amateur DrBe of Trog (D:4)
  A hippogriff (D:9)
  A large abomination (D:9)
  A hornet zombie (D:7)
  3 sky beasts
  3 black bears
  A phantom (D:7)
  4 ogres
  A crocodile (D:8)
  4 bullfrogs
  Blork the orc (D:6)
  7 gnoll sergeants
  2 small abominations (D:9)
  5 scorpions
  6 wights
  8 killer bees
  2 howler monkeys
  3 crimson imps
  4 hounds
  7 orc wizards
  9 orc priests
  3 bullfrog skeletons
  2 centaur skeletons
  5 gnoll shamans
  2 iguanas
  8 worker ants
  A hound skeleton (D:9)
  A worker ant zombie (D:8)
  Robin (D:2)
  A howler monkey skeleton (D:8)
  A howler monkey zombie (D:5)
  9 adders
  25 gnolls
  A shadow imp (D:8)
  An ooze (D:3)
  An adder zombie (D:3)
  An adder skeleton (D:5)
  4 worms
  5 dart slugs
  6 leopard geckos
  46 orcs
  2 ball pythons
  8 bats
  7 giant cockroaches
  16 goblins
  6 hobgoblins
  11 jackals
  A quokka (D:4)
  5 frilled lizards
  A giant cockroach zombie (D:5)
  8 kobolds
  A leopard gecko zombie (D:5)
  A quokka zombie (D:8)
  10 rats
280 creatures vanquished.

Vanquished Creatures (others)
  A quokka (D:4)
1 creature vanquished.

Grand Total: 281 creatures vanquished

Notes
Turn   | Place    | Note
-------+----------+-------------------------------------------
     0 | D:1      | graki42 the Minotaur Fighter began the quest for the Orb.
     0 | D:1      | Reached XP level 1. HP: 19/19 MP: 0/0
   277 | D:1      | Reached XP level 2. HP: 27/27 MP: 1/1
   799 | D:2      | Reached XP level 3. HP: 33/33 MP: 2/2
   965 | D:2      | Reached skill level 1 in Dodging
  1474 | D:2      | Reached XP level 4. HP: 40/40 MP: 3/3
  1488 | D:2      | Noticed Robin
  1529 | D:2      | Killed Robin
  2089 | D:3      | Reached XP level 5. HP: 41/46 MP: 4/4
  2124 | D:3      | Reached skill level 5 in Shields
  2538 | D:3      | Found a shattered altar of Ashenzari.
  2791 | D:4      | Reached XP level 6. HP: 50/52 MP: 5/5
  2881 | D:4      | Noticed Nattefrost's ghost (amateur DrBe)
  2892 | D:4      | Killed Nattefrost's ghost
  2892 | D:4      | Reached skill level 5 in Maces & Flails
  2892 | D:4      | Reached skill level 5 in Armour
  2955 | D:4      | Reached XP level 7. HP: 40/60 MP: 6/6
  3557 | D:4      | Found a white marble altar of Elyvilon.
  4003 | D:5      | Entered Level 5 of the Dungeon
  4096 | D:5      | Reached XP level 8. HP: 52/67 MP: 7/7
  4116 | D:5      | Noticed TotoDurand's ghost (novice VSFi)
  4164 | D:5      | Killed TotoDurand's ghost
  5186 | D:6      | Reached skill level 5 in Fighting
  5235 | D:6      | Noticed Blork the orc
  5235 | D:6      | Noticed Soeti's ghost (novice OpMo)
  5355 | D:6      | Killed Blork the orc
  5509 | D:6      | Reached XP level 9. HP: 74/74 MP: 8/8
  6154 | D:7      | Found a staircase to the Ecumenical Temple.
  6161 | Temple   | Entered the Ecumenical Temple
  6257 | Temple   | Became a worshipper of the Shining One
  6474 | D:7      | Gained mutation: Your mind is acute. (Int +2) [mutagenic meat]
  6477 | D:7      | Gained mutation: You are resistant to hostile enchantments. (MR+) [mutagenic meat]
  6480 | D:7      | Gained mutation: Your muscles are strong. (Str +2) [mutagenic meat]
  6483 | D:7      | Gained mutation: Potions and wands are less effective at restoring your health. [mutagenic meat]
  6486 | D:7      | Gained mutation: Scrolls take you a little longer to read. [mutagenic meat]
  6489 | D:7      | Gained mutation: You occasionally shout uncontrollably at your foes. [mutagenic meat]
  6506 | D:7      | Noticed Torious's ghost (novice DECj)
  6579 | D:7      | Killed Torious's ghost
  6579 | D:7      | Reached skill level 10 in Maces & Flails
  6840 | D:8      | Reached * piety under the Shining One
  6928 | D:8      | Found a staircase to the Lair.
  6928 | D:8      | Noticed an elephant
  6940 | D:8      | Reached XP level 10. HP: 84/84 MP: 9/9
  6950 | D:8      | Killed an elephant
  7369 | D:9      | Noticed Erolcha
  7572 | D:9      | Killed Erolcha
  7572 | D:9      | Reached skill level 10 in Shields
  7698 | D:9      | Gained mutation: You are resistant to electric shocks. (rElec) [mutagenic meat]
  7701 | D:9      | Gained mutation: You have sharp toenails. [mutagenic meat]
  7707 | D:9      | Gained mutation: You can translocate small distances at will. [mutagenic meat]
  7710 | D:9      | Lost mutation: You are resistant to electric shocks. (rElec) [mutagenic meat]
  7716 | D:9      | Gained mutation: Your flesh is cold resistant. (rC+) [mutagenic meat]
  7719 | D:9      | Lost mutation: You are resistant to hostile enchantments. (MR+) [mutagenic meat]
  7776 | D:9      | Noticed a wizard
  7778 | D:9      | Reached skill level 1 in Stealth
  7783 | D:9      | Killed a wizard
  7795 | D:9      | Reached ** piety under the Shining One
  7795 | D:9      | Noticed a large abomination
  7840 | D:9      | You fall through a shaft for 2 floors!
  7840 | D:11     | Found a flagged portal.
  7850 | Bailey   | Entered a bailey
  8215 | Bailey   | HP: 1/88 [gnoll sergeant/glaive (8)]
  8217 | Bailey   | Reached *** piety under the Shining One
  8229 | Bailey   | HP: 3/88 [gnoll sergeant/glaive (11)]
  8239 | Bailey   | HP: 3/88 [gnoll sergeant/glaive (3)]
  8249 | Bailey   | HP: 3/88 [gnoll shaman/trident (2)]
  8260 | Bailey   | HP: 6/132 [gnoll/spear (3)]
  8278 | Bailey   | HP: 6/132 [gnoll/trident (3)]
  8287 | Bailey   | HP: 4/132 [gnoll/spear (3)]
  8289 | Bailey   | Quit the game

Vault maps used:
D:1:      dpeg_arrival_radiant
D:2:      kennysheep_goblin_castle, first_bread, uniq_robin
D:3:      cheibrodos_ashenzari_chains
D:4:      elyvilon_altar_4
D:6:      uniq_blork_the_orc
D:7:      grunt_ogre_cave
D:8:      david_lair_generic
D:9:      laboratory, uniq_erolcha
D:11:     cheibrodos_grave_circle, enter_bailey_2, uniq_urug, uniq_grum,
          uniq_nergalle
Temple:   roderic_octagonal_lattice_temple
Bailey:   bailey_polearm_gnolls_kennysheep, bailey

Skill      XL: |  1  2  3  4  5  6  7  8  9 10 |
---------------+-------------------------------+-----
Shields        | 4 5 6 7 9 11 | 11.0
Armour         | 4 5 6 7 8 9 |  9.6
Maces & Flails | 3 4 5 6 8 10 11 | 11.9
Dodging        | 1 2 3 4 |  4.2
Fighting       | 4 5 6 7 |  7.7
Stealth        | 1 |  1.0

Action                   |  1- 3 |  4- 6 |  7- 9 | 10-12 || total
-------------------------+-------+-------+-------+-------++-------
Melee: Flail             |    14 |       |   196 |   202 ||   412
       Whip              |   114 |   116 |   278 |       ||   508
       Headbutt          |    16 |    25 |    87 |    49 ||   177
       Mace              |       |    32 |       |       ||    32
       Morningstar       |       |    39 |    16 |       ||    55
       Kick              |       |       |       |    46 ||    46
Throw: Throwing net      |       |       |       |     1 ||     1
Invok: Divine Shield     |       |       |       |     2 ||     2
Evoke: Wand              |       |       |     1 |       ||     1
  Use: Potion            |       |     3 |     3 |     5 ||    11
       Scroll            |       |       |       |     3 ||     3
  Eat: Chunk             |     2 |     5 |    19 |    12 ||    38
Armor: Scale mail        |    59 |   104 |    55 |       ||   218
       Plate armour      |       |       |    80 |    99 ||   179
       Skin              |       |       |       |    33 ||    33
Dodge: Dodged            |    48 |    79 |   101 |    52 ||   280
Block: Shield            |    70 |   107 |   138 |       ||   315
       Large shield      |       |       |   115 |   320 ||   435
